AoeStats
← RespectTheRussell

Arabia

510386627Analyzed
1v1 RM · 1d ago on Sep 30, 2026· 37m 13s· 2 players
Game mode
Random Map
Map size
Tiny (2 player)
Population
200
Speed
Normal
Resources
Standard
Victory
Conquest
Starting age
Dark Age
Ending age
Imperial Age
RankedLock teamsTeams togetherTeam positionsShared explorationLock speedFull tech treeHidden civsTurbo modeCheats
Victory
Defeat
🇺🇸 Lithuanians · United States
1321
+15
🇺🇸 Mongols · United States
1302
-15
Flyingsheep78
7:57 Feudal Age
8:32 Double-Bit Axe
8:54 Loom
15:48 Fletching
21:34 Castle Age
20:05 Padded Archer Armor
21:02 Scale Barding Armor
21:13 Gold Mining
21:08 Horse Collar
21:42 Bloodlines
24:13 Bodkin Arrow
30:51 Pikeman
33:49 Scale Mail Armor
34:13 Squires
36:45 Bow Saw
37:34 Forging
RespectTheRussell
5:59 Loom
8:53 Feudal Age
9:22 Double-Bit Axe
9:54 Double-Bit Axe
19:18 Castle Age
18:09 Horse Collar
19:35 Bloodlines
19:31 Scale Barding Armor
21:49 Bow Saw
24:18 Chain Barding Armor
26:39 Husbandry
27:21 Heavy Plow
29:39 Wheelbarrow
28:57 Town Watch
31:58 Devotion
36:44 Imperial Age
35:20 Forging
35:35 Gold Mining
37:12 Iron Casting
37:29 Hand Cart
38:14 Plate Barding Armor
37:09 Cavalier
Connection lost

Rejoining the realm…

Still unreachable

The connection could not be restored.

Session expired

The server has moved on; the page needs a fresh start.